 Dungeon Crawl Stone Soup version 0.22-a0-354-g30dfbe6 (webtiles) character file.

32 Kairos the Skirmisher (level 3, 18/20 HPs)
             Began as a Vine Stalker Fighter on Apr 16, 2018.
             Got out of the dungeon alive.
             The game lasted 00:01:15 (1292 turns).

Kairos the Skirmisher (Vine Stalker Fighter)        Turns: 1292, Time: 00:01:16

Health: 18/20      AC:  6    Str: 18    XL:     3   Next: 25%
Magic:  4/4        EV:  7    Int:  9    God:
Gold:   112        SH:  9    Dex: 13    Spells: 2/2 levels left

rFire    + . .     SeeInvis .   a - +0 flail
rCold    + . .     Gourm    .   c - +0 shield
rNeg     . . .     Faith    .   b - +0 scale mail
rPois    +         Spirit   +   (no helmet)
rElec    +         Reflect  .   (no cloak)
rCorr    +         Harm     .   (no gloves)
MR       .....                  (no boots)
Stlth    ..........             (no amulet)
HPRegen  0.06/turn              (no ring)
MPRegen  0.09/turn              (no ring)

@: resistant
A: fangs 2, magic shield, antimagic bite, no potion heal 3, rot immunity
a: no special abilities


You escaped.
You were very hungry.

You visited 1 branch of the dungeon, and saw 1 of its levels.

You collected 112 gold pieces.

Inventory:

Hand Weapons
 a - a +0 flail (weapon)
Armour
 b - a +0 scale mail (worn)
 c - a +0 shield (worn)
Scrolls
 g - a scroll of remove curse
 j - 2 scrolls of identify
 k - a scroll of magic mapping
Potions
 d - a potion of might
Comestibles
 f - 3 rations


   Skills:
 + Level 3.0 Fighting
 + Level 2.0 Maces & Flails
 + Level 2.8 Armour
 + Level 0.3 Stealth
 + Level 2.9 Shields


You had 2 spell levels left.
You didn't know any spells.

Dungeon Overview and Level Annotations

Branches:
Dungeon (1/15)

Altars:


Innate Abilities, Weirdness & Mutations

You have extremely sharp teeth.
When hurt, damage is shared between your health and your magic reserves.
Your bite disrupts and absorbs the magic of your enemies.
Potions cannot restore your health.
You are immune to rotting.


Message History

It was a potion of haste.
You feel yourself speed up.
As you read the scroll labeled BIZURCH FAIX, it crumbles to dust.
The dust glows mottled copper!
It was a scroll of random uselessness.
As you read the scroll labeled FYCONI MOCOCI, it crumbles to dust.
It is a scroll of identify.
k - a scroll of magic mapping You feel sick.
You are no longer poisoned.
As you read the scroll of identify, it crumbles to dust.
g - a scroll of remove curse Your surroundings suddenly seem different.
You can't go up here!
Your extra speed is starting to run out.
You feel yourself slow down.
There is an open gate here.
There is a large open door here.
There is an open door here.
There is a staircase leading out of the dungeon here.
Are you sure you want to leave the Dungeon?
This will make you lose the game!
You have escaped!

##.# #..............#.#...#
#.############.#.####.#...#
#......⌠# #..#......#...#
#....≈≈≈### #..########...#
###.#####.# #...........>.#
#.'...'.###...#######...#
#.'...'..##...##.####...#
#.'...##'##...#..........
#.#####.@##.#.##.######## #.♣♣♣
#..##...........# #..⌠♣
#####...##.####.### #.♣♣♣
#.....#.####....
###################...##.#...####
............#.........##.#.#.#
###########.#.######..##.#.#.#
#.#.........##.#.#.#
####.#########.##.#.#.#


There were no monsters in sight!

Vanquished Creatures
  An ooze (D:1)
  A dart slug (D:1)
  2 leopard geckos (D:1)
  2 giant cockroaches (D:1)
  A goblin (D:1)
  A hobgoblin (D:1)
  7 jackals (D:1)
  2 bats (D:1)
  A frilled lizard (D:1)
  A kobold (D:1)
  2 rats (D:1)
21 creatures vanquished.

Notes
Turn   | Place    | Note
-------+----------+-------------------------------------------
     0 | D:1      | Kairos the Vine Stalker Fighter began the quest for the Orb.
     0 | D:1      | Reached XP level 1. HP: 11/11 MP: 2/2
    44 | D:1      | Reached XP level 2. HP: 9/16 MP: 1/3
   163 | D:1      | Reached skill level 3 in Fighting
   803 | D:1      | Reached XP level 3. HP: 16/20 MP: 4/4
  1292 | D:$      | Got out of the dungeon alive.

Vault maps used:
D:1:      sevenhm_arrival_forest_fort_small_3

Skill      XL: |  1  2 |
---------------+-------+-----
Fighting       | 3 |  3.0
Maces & Flails | 2 |  2.0
Armour         | |  2.8
Stealth        | |  0.3
Shields        | |  2.9

Action                   || total
-------------------------++-------
Melee: Flail             ||    67
       Bite              ||    23
  Use: Scroll            ||     4
       Potion            ||     2
Armor: Scale mail        ||    29
Dodge: Dodged            ||    21
Block: Shield            ||    31

Table legend:
 A = Spawn XP
 B = Non-spawn XP
 C = Spawn XP percentage of total XP
 D = Spawn monster count
 E = Non-spawn monster count
 F = Spawn count percentage of total count
 G = Total turns spent on level
                    A         B        C        D         E        F      G
               +---------+---------+-------+---------+---------+-------+---------
         Total |       0 |      46 |   0.0 |       0 |      21 |   0.0 |  1292
               +---------+---------+-------+---------+---------+-------+---------
           D:1 |       0 |      46 |   0.0 |       0 |      21 |   0.0 |  1292
               +---------+---------+-------+---------+---------+-------+---------
